 Dungeon Crawl Stone Soup version 0.27.1-33-g824d729ab1 (webtiles) character file.

Game seed: 10168518341204315581

1093 ces the Covert (level 8, -1/40 HPs)
             Began as a Spriggan Brigand on Dec 7, 2021.
             Killed by divine providence
             ... invoked by an orc priest
              (9 damage)
             ... on level 6 of the Dungeon.
             The game lasted 00:13:06 (6855 turns).

ces the Covert (Spriggan Brigand)                   Turns: 6855, Time: 00:13:07

Health: -1/40      AC:  3    Str:  9    XL:     8   Next: 9%
Magic:  9/9        EV: 21    Int: 12    God:
Gold:   223        SH:  0    Dex: 21    Spells: 7/7 levels left

rFire    . . .     SeeInvis +   a - +2 dagger (protect)
rCold    . . .     Faith    .   (shield restricted)
rNeg     . . .     Spirit   .   u - +0 robe
rPois    .         Reflect  .   (helmet restricted)
rElec    .         Harm     .   c - +0 cloak
rCorr    .         Rampage  .   (gloves unavailable)
Will     +....                  (boots unavailable)
Stlth    +++++.....             (no amulet)
HPRegen  0.13/turn              (no ring)
MPRegen  0.11/turn              (no ring)

@: hasted, very quick
A: very small, no large weapons, unfitting armour, see invisible, speed 3, agile
1, sense surroundings 1, strong 1
a: no special abilities


You were on level 6 of the Dungeon.
You visited 1 branch of the dungeon, and saw 6 of its levels.

You collected 223 gold pieces.

Inventory:

Hand Weapons
 a - a +2 dagger of protection (weapon)
 b - the +6 hunting sling "Qyl Miat" {venom, rF+ rC+}
   (You found it on level 4 of the Dungeon)

   Any ammunition fired from it poisons the flesh of those it strikes.
   rF:        It protects you from fire.
   rC:        It protects you from cold.
Missiles
 d - 36 poisoned darts (quivered)
 h - 67 bolts
 r - a curare-tipped dart
 w - 70 stones
Armour
 c - a +0 cloak (worn)
 u - a +0 robe (worn)
Jewellery
 f - a ring of resist corrosion
 k - a ring of positive energy
 l - a ring of fire
Scrolls
 i - 3 scrolls of teleportation {unknown}
 j - 2 scrolls of magic mapping {unknown}
 m - a scroll of noise {unknown}
 o - 3 scrolls of identify {unknown}
 v - a scroll of enchant armour {unknown}
 x - a scroll of amnesia {unknown}
 y - a scroll of enchant weapon {unknown}
Potions
 p - 2 potions of lignification
 q - 2 potions of attraction
 z - a potion of brilliance {unknown}


   Skills:
 + Level 3.0 Fighting
 + Level 5.2 Short Blades
 * Level 3.8 Throwing
 + Level 5.4 Dodging
 + Level 10.5 Stealth


You had 7 spell levels left.
You didn't know any spells.
Your spell library contained the following spells:

 Spells                   Type           Power      Damage    Failure   Level
 Animate Skeleton         Necr           0%         N/A       32%         1
 Apportation              Tloc           0%         N/A       32%         1
 Corona                   Hex            0%         N/A       32%         1
 Pain                     Necr           0%         1d4       32%         1
 Summon Small Mammal      Summ           0%         N/A       32%         1
 Dazzling Flash           Conj/Hex       0%         N/A       69%         3
 Vampiric Draining        Necr           0%         2d6       69%         3
 Animate Armour           Summ/Erth      0%         N/A       97%         4
 Iskenderun's Mystic Bla  Conj/Tloc      0%         2d3       97%         4
 Blade Hands              Tmut           0%         N/A       100%        5
 Iron Shot                Conj/Erth      0%         9d1       100%        6
 Starburst                Conj/Fire      0%         6d3       100%        6


Dungeon Overview and Level Annotations

Branches:
Dungeon (6/15)
 Temple: D:4-7

Altars:


Innate Abilities, Weirdness & Mutations

You are very small and have problems with some larger weapons.
You are too small for most types of armour.
You have supernaturally acute eyesight. (SInv)
You cover ground extremely quickly. (Speed+++)
You are agile. (Dex +2)
You passively map a small area around you.
Your muscles are strong. (Str +2)


Message History

You cannot move. (Use ctrl+direction or * direction to attack without moving.)
You cannot move. (Use ctrl+direction or * direction to attack without moving.)
You cannot move. (Use ctrl+direction or * direction to attack without moving.)
You hit the orc priest but do no damage.
Your weapon exudes an aura of protection.
The orc priest is moderately wounded.
The orc priest hits you but does no damage. x2
You swing at nothing.
The orc priest barely misses you.
The orc priest invokes the aid of Beogh against you.
Beogh smites you!
* * * LOW HITPOINT WARNING * * *
You hit the orc priest but do no damage.
The orc priest is moderately wounded.
You feel less invigorated.
You feel less confused.
The orc priest calls upon Beogh to heal the orc priest.
The orc priest's wounds heal themselves!
The orc priest hits you but does no damage.
You hit the orc priest.
The orc priest is lightly wounded.
The orc priest hits you but does no damage.
You closely miss the orc priest.
The orc priest is lightly wounded.
The orc priest hits you but does no damage.
It was a potion of cancellation.
Your magical effects are unravelling.
You feel magically purged.
You feel less wooden.
Your +0 cloak unmelds from your body.
Your +0 robe unmelds from your body.
The orc priest misses you.
The orc priest hits you with a +0 flail.
* * * LOW HITPOINT WARNING * * *
You feel less attractive to monsters.
Okay, then.
It was a potion of haste.
You feel yourself speed up. The orc priest closely misses you.
The orc priest completely misses you.
The orc priest looks braver for a moment.
The orc priest invokes the aid of Beogh against you.
Beogh smites you!
You die...

,#..# ...######.
,#+##.o#######........<
,, ,
#....o.#....#.........
*#......#....#...).....
*
#......#....#.........
,
###...##....#.........
, #...##....#.........
#...##...##......... *
#..@##...####'#.....
#.............#..... ,
######........#..... *,
#........#..... *,
#........#..... *
#........#..... , ,
#........#..... *,
+........#..... *
##########.....


You could see 2 orc priests.

Vanquished Creatures
  2 ogres (D:5)
  A black bear (D:3)
  2 scorpions (D:5)
  A water moccasin zombie (D:5)
  2 water moccasin skeletons
  2 centaur zombies (D:5)
  A bullfrog zombie (D:4)
  A hound (D:5)
  An orc priest (D:3)
  A jelly (D:4)
  Crazy Yiuf (D:3)
  2 bullfrog skeletons (D:4)
  2 iguanas (D:5)
  An orc wizard (D:4)
  A howler monkey zombie (D:5)
  10 adders
  A shadow imp (D:5)
  A worm (D:2)
  An adder skeleton (D:4)
  3 dart slugs (D:1)
  11 orcs
  4 bats (D:1)
  6 endoplasms
  8 giant cockroaches
  8 goblins
  5 hobgoblins
  2 jackals (D:2)
  2 quokkas
  4 ball pythons
  A frilled lizard (D:2)
  A giant cockroach zombie (D:3)
  7 kobolds
  9 rats
105 creatures vanquished.

Vanquished Creatures (others)
  A plant (D:3)
1 creature vanquished.

Grand Total: 106 creatures vanquished

Notes
Turn   | Place    | Note
-------+----------+-------------------------------------------
     0 | D:1      | ces the Spriggan Brigand began the quest for the Orb.
     0 | D:1      | Reached XP level 1. HP: 10/10 MP: 2/2
    58 | D:1      | Reached skill level 6 in Stealth
   553 | D:1      | Reached XP level 2. HP: 12/14 MP: 3/3
   884 | D:1      | Reached skill level 7 in Stealth
  1489 | D:1      | Reached XP level 3. HP: 18/18 MP: 4/4
  1694 | D:1      | Found a faded altar of an unknown god.
  2329 | D:2      | Noticed a necrophage
  2545 | D:2      | Reached XP level 4. HP: 22/23 MP: 5/5
  3524 | D:3      | Noticed a black bear
  3531 | D:3      | Killed a black bear
  3532 | D:3      | Reached skill level 8 in Stealth
  3532 | D:3      | Reached XP level 5. HP: 26/26 MP: 6/6
  3601 | D:3      | Reached XP level 6. HP: 26/30 MP: 7/7
  3806 | D:3      | Found a runed translucent door.
  3807 | D:3      | Noticed Crazy Yiuf
  4049 | D:3      | Killed Crazy Yiuf
  4050 | D:3      | Reached skill level 9 in Stealth
  5116 | D:4      | Reached XP level 7. HP: 32/35 MP: 8/8
  5222 | D:4      | Identified the +6 hunting sling "Qyl Miat" {venom, rF+ rC+}
  5368 | D:5      | Entered Level 5 of the Dungeon
  5375 | D:5      | Reached skill level 10 in Stealth
  5453 | D:5      | Reached skill level 5 in Dodging
  5955 | D:5      | Reached skill level 5 in Short Blades
  6168 | D:5      | Reached XP level 8. HP: 39/39 MP: 9/9
  6316 | D:5      | HP: 1/40 [centaur/arrow (13)]
  6839 | D:6      | Gained mutation: You passively map a small area around you.
                  | [potion of mutation]
  6839 | D:6      | Gained mutation: Your muscles are strong. (Str +2) [potion
                  | of mutation]
  6839 | D:6      | Gained mutation: You are agile. (Dex +2) [potion of
                  | mutation]
  6855 | D:6      | Killed from afar by an orc priest

Illustrated notes

Levels and vault maps discovered:
D:1:      dpeg_arrival_rhombi, layout_loops_ring, ebering_ecumenical_altar_webs,
          st_stairs_3, hangedman_decor_peaks_small
D:2:      layout_basic
D:3:      layout_loops_ring, serial_bayou_pond_e, st_stairs_8,
          uniq_crazy_yiuf_cottage
D:4:      layout_rooms, minmay_starry_boxes
D:5:      layout_loops_cross
D:6:      layout_gridville, minmay_temple_entry_hall, bh_walls_and_bars,
          uniq_duvessa

Skill      XL: |  1  2  3  4  5  6  7  8 |
---------------+-------------------------+-----
Stealth        | 6 7 8 9 10 | 10.5
Dodging        | 2 3 4 5 |  5.4
Fighting       | 2 3 |  3.0
Short Blades   | 3 4 5 |  5.2
Throwing       | 3 |  3.8

Action                   |  1- 3 |  4- 6 |  7- 9 || total
-------------------------+-------+-------+-------++-------
Melee: Dagger            |   127 |   179 |    68 ||   374
 Fire: Hunting sling     |       |       |    53 ||    53
Throw: Dart              |    64 |    50 |       ||   114
  Use: Potion            |       |       |     8 ||     8
 Stab: Sleeping          |     7 |    14 |     8 ||    29
       Distracted        |     1 |     1 |       ||     2
Armor: Robe              |    25 |    28 |    10 ||    63
       Skin              |       |       |    13 ||    13
Dodge: Dodged            |   110 |   120 |    58 ||   288
